 Dungeon Crawl Stone Soup version 0.30-a0-793-g160f7cfddd (webtiles) character file.

Game seed: 4481287111533428766

16513 cheesebisquit the Severer (level 12, -5/107 HPs)
             Began as a Hill Orc Fighter on Feb 19, 2023.
             Was a Believer of Beogh.
             Slain by a white ugly thing (28 damage)
             ... on level 10 of the Dungeon.
             The game lasted 00:32:27 (8520 turns).

cheesebisquit the Severer (Hill Orc Fighter)        Turns: 8520, Time: 00:32:27

Health: -5/107     AC: 22    Str: 24    XL:     12   Next: 38%
Magic:  6/19       EV:  6    Int:  4    God:    Beogh [**....]
Gold:   425        SH: 15    Dex: 10    Spells: 11/11 levels left

rFire   + . .      SeeInvis .    a - +4 war axe
rCold   . . .      Faith    .    D - +5 kite shield of the Pure Lives {Will- Regen+ Int-4 Slay+6}
rNeg    . . .      Spirit   .    s - +0 plate armour
rPois   .          Reflect  .    n - +0 helmet
rElec   .          Harm     .    Q - +0 cloak
rCorr   +          Rampage  .    e - +1 pair of gloves
Will    .....                    g - +1 pair of boots Stlth
                                 I - amulet of regeneration
HPRegen 1.97/turn                m - ring of resist corrosion
MPRegen 0.16/turn                P - ring of protection from fire

@: hasted, studying Ranged Weapons, very quick
A: no striking features
a: Renounce Religion, Smiting


You were on level 10 of the Dungeon.
You worshipped Beogh.
Beogh was pleased with you.
You visited 2 branches of the dungeon, and saw 11 of its levels.

You collected 665 gold pieces.
You spent 240 gold pieces at shops.

Inventory:

Hand Weapons
 a - a +4 war axe (weapon)
Missiles
 l - 7 poisoned darts
 p - 3 silver javelins
 y - 4 javelins (quivered)
Armour
 c - a +0 buckler
 e - a +1 pair of gloves (worn)
 g - a +1 pair of boots (worn)
 n - a +0 helmet (worn)
 s - a +0 plate armour (worn)
 D - the +5 kite shield of the Pure Lives (worn) {Will- Regen+ Int-4 Slay+6}
   (You found it on level 5 of the Dungeon)

   Int:       It affects your intelligence (-4).
   Slay:      It affects your accuracy & damage with ranged weapons and melee
   (+6).
   Regen:     It increases your rate of health regeneration.
   Will:      It decreases your willpower.
 E - a +1 kite shield of positive energy
 Q - a +0 cloak (worn)
Jewellery
 m - a ring of resist corrosion (left hand)
 I - an amulet of regeneration (around neck)
 P - a ring of protection from fire (right hand)
Wands
 u - a wand of quicksilver (27)
 v - a wand of polymorph (2)
 M - a wand of paralysis (9)
 N - a wand of mindburst (11)
 R - a wand of flame (2)
 S - a wand of iceblast (7)
Scrolls
 h - 2 scrolls of amnesia
 i - 10 scrolls of teleportation
 j - 2 scrolls of noise
 k - a scroll of torment
 r - a scroll of immolation
 t - a scroll of summoning
 C - a scroll of fog
 G - a scroll of silence
 J - a scroll of brand weapon {unknown}
 K - 2 scrolls of poison {unknown}
 L - a scroll of fear
 O - a scroll of blinking {unknown}
 T - a scroll of magic mapping {unknown}
Potions
 b - 3 potions of mutation
 d - a potion of might
 f - 2 potions of haste
 o - 2 potions of attraction
 q - 5 potions of lignification
 w - 3 potions of flight
 x - a potion of resistance
 A - a potion of magic
 B - 4 potions of cancellation
 F - a potion of brilliance
 U - a potion of invisibility


   Skills:
 + Level 10.4 Fighting
 * Level 15.2 Axes
 + Level 9.7 Armour
 + Level 9.6 Shields
 + Level 10.2 Invocations


You had 11 spell levels left.
You didn't know any spells.
Your spell library contained the following spells:

 Spells                   Type           Power      Damage    Failure   Level
 Beastly Appendage        Tmut           0%         N/A       100%        1
 Foxfire                  Conj/Fire      0%         2x1d4     100%        1
 Lesser Beckoning         Tloc           0%         N/A       100%        2
 Wereblood                Tmut           0%         N/A       100%        2
 Spider Form              Tmut/Pois      0%         N/A       100%        3
 Vampiric Draining        Necr           0%         2d6       100%        3
 Iskenderun's Mystic Bla  Conj/Tloc      0%         2d3       100%        4
 Petrify                  Tmut/Erth      0%         N/A       100%        4
 Borgnjor's Vile Clutch   Necr/Erth      0%         N/A       100%        5
 Statue Form              Tmut/Erth      0%         N/A       100%        6


Dungeon Overview and Level Annotations

Branches:
Dungeon (10/15)            Temple (1/1) D:5            Lair (0/5) D:9
    Orc (0/2) D:9

Altars:
Ashenzari
Cheibriados
Dithmenos
Elyvilon
Fedhas
Gozag
Kikubaaqudgha
Makhleb
Nemelex Xobeh
Okawaru
Qazlal
Ru
Sif Muna
Trog
Uskayaw
Vehumet
Wu Jian
Xom
Yredelemnul
Zin
The Shining One

Shops:
D:1 ?   D:4 *   D:5 *


Message History

The deep elf archer shoots an arrow.
You block the arrow.
The white ugly thing trunk-slaps you but does no damage.
Aiming: Smiting
Press: ? - help, Dir - move target, f/p - deep elf archer Smite: a deep elf archer, wielding a +0 shortbow and wearing a +0 leather armour (moderately wounded, repelling missiles)
You smite the deep elf archer!
The deep elf archer is severely wounded.
You block the white ugly thing's attack.
The deep elf archer points at you and mumbles some strange words.
You are confused.
You're too confused to move!
You feel yourself speed up. The white ugly thing barely misses you.
The white ugly thing trunk-slaps you but does no damage.
Okay, then.
The deep elf archer shoots an arrow.
The arrow hits you!!
* * * LOW HITPOINT WARNING * * *
The white ugly thing trunk-slaps you but does no damage.
You feel yourself speed up.
The deep elf archer shoots an arrow.
The arrow hits you!
* * * LOW HITPOINT WARNING * * *
The white ugly thing trunk-slaps you but does no damage.
You hit the white ugly thing but do no damage.
The deep elf archer casts a spell at you.
You are more confused.
You bump into the stone wall.
The deep elf archer shoots an arrow.
The arrow hits you!
* * * LOW HITPOINT WARNING * * *
You feel better.
You block the white ugly thing's attack.
The deep elf archer shoots an arrow.
The arrow hits you!
* * * LOW HITPOINT WARNING * * *
You feel better.
You block the white ugly thing's attack.
The deep elf archer shoots an arrow.
You block the arrow.
You feel better.
You feel better. The white ugly thing trunk-slaps you!
* * * LOW HITPOINT WARNING * * *
The white ugly thing freezes you!!
You die...

..#.......#... ####.....#........
..#.......# ....$#'.....#........
.)##..⌠..## ....###....#........
####.....# ....)#....#........ #
##...## ....#....#........ #
#...# ...#....#........ ###+###
..#....###'##### ##.....##
###'#............. ##.......##
###@u.#.............
##.........###.....#.............
.#.........#.).....#.............
.#....⌠....)...⌠...[.............
.#.........#.......#e............
##.........###.....#.............
##.......## ###...#....###...##.
##.....## ####)#....####+###.
###'### #....#......#......


You could see a white ugly thing and a deep elf archer (repels missiles).

Vanquished Creatures
  A stone giant (D:10)
  2 hydras (D:10)
  3 centaur warriors (D:10)
  An ice dragon (D:10)
  An ogre mage (D:10)
  2 boulder beetles
  A skeletal warrior (D:10)
  Pikel (D:7)
  An orc knight (D:10)
  An ugly thing (D:10)
  2 deep elf pyromancers (D:10)
  A cyclops (D:10)
  A gargoyle (D:8)
  2 freezing wraiths (D:10)
  A komodo dragon (D:10)
  A troll (D:9)
  A dream sheep (shapeshifter) (D:10)
  A slime creature (D:10)
  A vampire (D:9)
  A shadow (D:9)
  A wyvern (D:10)
  15 yaks
  A water moccasin (D:7)
  2 orc warriors
  A sky beast (D:8)
  3 ice beasts
  A black bear (D:7)
  2 ogres
  3 centaurs
  3 lemures (D:7)
  3 bullfrogs
  2 gnoll sergeants (D:8)
  2 necrophages
  4 scorpions
  2 wights
  14 killer bees
  A howler monkey (D:9)
  3 hounds
  2 jellies
  A gnoll bouda (D:6)
  2 orc priests
  2 iguanas
  Natasha (thrice) (D:3)
  7 orc wizards
  8 gnolls (D:8)
  3 adders (D:3)
  3 shadow imps
  A white imp (D:7)
  A dart slug (D:1)
  20 orcs
  6 ball pythons
  8 endoplasms
  5 giant cockroaches
  6 goblins
  12 hobgoblins
  5 jackals
  2 kobolds (D:1)
  5 quokkas
  7 bats
  3 frilled lizards
  7 rats
208 creatures vanquished.

Vanquished Creatures (others)
  2 orcs
  A ball python (D:3)
3 creatures vanquished.

Grand Total: 211 creatures vanquished

Notes
Turn   | Place    | Note
-------+----------+-------------------------------------------
     0 | D:1      | cheesebisquit the Hill Orc Fighter began the quest for the
                  | Orb.
     0 | D:1      | Reached XP level 1. HP: 19/19 MP: 1/1
   120 | D:1      | Reached skill level 3 in Axes
   411 | D:1      | Reached XP level 2. HP: 22/27 MP: 2/2
   608 | D:1      | Found Nauvy's Magic Scroll Boutique.
   708 | D:1      | Found a faded altar of an unknown god.
   972 | D:1      | Reached XP level 3. HP: 31/33 MP: 3/3
  1804 | D:3      | Reached skill level 4 in Axes
  1804 | D:3      | Reached XP level 4. HP: 40/40 MP: 4/4
  2024 | D:3      | Found the +5 robe of Misfortune {Harm *Corrode *Slow EV+5}
  2105 | D:3      | Noticed Natasha
  2112 | D:3      | Killed Natasha
  2215 | D:3      | Noticed Natasha
  2220 | D:3      | Killed Natasha
  2221 | D:3      | Reached XP level 5. HP: 39/47 MP: 5/5
  2230 | D:3      | Noticed Natasha
  2278 | D:3      | Killed Natasha
  2558 | D:3      | Reached skill level 5 in Axes
  2562 | D:3      | Became a worshipper of Beogh the Brigand
  2905 | D:4      | Reached XP level 6. HP: 55/55 MP: 6/6
  3056 | D:4      | Found Reizov's General Store.
  3065 | D:4      | Bought a scroll of identify for 24 gold pieces
  3065 | D:4      | Bought a potion of cancellation for 96 gold pieces
  3065 | D:4      | Bought a scroll of teleportation for 36 gold pieces
  3078 | D:4      | Reached skill level 5 in Fighting
  3078 | D:4      | Reached skill level 1 in Invocations
  3350 | D:4      | Reached skill level 6 in Axes
  3633 | D:1      | Bought a scroll of fog for 48 gold pieces
  4027 | D:5      | Entered Level 5 of the Dungeon
  4043 | D:4      | Reached XP level 7. HP: 47/61 MP: 8/8
  4043 | D:4      | Reached * piety under Beogh
  4233 | D:5      | Found Meiloza's General Store.
  4247 | D:5      | Bought a potion of curing for 36 gold pieces
  4286 | D:5      | Reached skill level 5 in Armour
  4286 | D:5      | Reached skill level 5 in Shields
  4375 | D:5      | Identified the +5 kite shield of the Pure Lives {Will-
                  | Regen+ Int-4 Slay+6}
  4393 | D:5      | Reached skill level 7 in Axes
  4541 | D:5      | Found a staircase to the Ecumenical Temple.
  4547 | Temple   | Entered the Ecumenical Temple
  4951 | D:6      | Reached XP level 8. HP: 70/70 MP: 10/10
  5132 | D:6      | Reached skill level 8 in Axes
  5497 | D:7      | Noticed Pikel
  5507 | D:7      | Killed Pikel
  5508 | D:7      | Reached skill level 9 in Axes
  5508 | D:7      | Reached skill level 5 in Invocations
  5508 | D:7      | Reached XP level 9. HP: 49/78 MP: 12/12
  5610 | D:7      | Reached ** piety under Beogh
  5748 | D:7      | Reached skill level 10 in Axes
  6060 | D:8      | Reached XP level 10. HP: 72/88 MP: 14/14
  6248 | D:8      | Found a blossoming altar of Fedhas.
  6358 | D:8      | Noticed a gargoyle
  6360 | D:8      | Reached skill level 11 in Axes
  6367 | D:8      | Killed a gargoyle
  6436 | D:8      | Noticed a boulder beetle
  6451 | D:8      | Killed a boulder beetle
  6562 | D:8      | Reached *** piety under Beogh
  7021 | D:9      | Found a basalt altar of Yredelemnul.
  7023 | D:9      | Found a broken altar of Ashenzari.
  7039 | D:9      | Found a sparkling altar of Nemelex Xobeh.
  7045 | D:9      | Got Sif Muna's Quarto of Grisly Relocation
  7135 | D:9      | Found the ring of the Hare {EV+10}
  7197 | D:9      | Reached skill level 12 in Axes
  7251 | D:9      | Found a staircase to the Orcish Mines.
  7471 | D:9      | Found a staircase to the Lair.
  7613 | D:10     | Entered Level 10 of the Dungeon
  7902 | D:10     | Reached XP level 11. HP: 91/95 MP: 17/17
  7963 | D:10     | Noticed a deep elf pyromancer
  7980 | D:10     | Killed a deep elf pyromancer
  7981 | D:10     | Reached skill level 13 in Axes
  7996 | D:10     | Noticed a green ugly thing
  7996 | D:10     | Noticed a centaur warrior
  7996 | D:10     | Noticed a deep elf pyromancer
  7996 | D:10     | Noticed an ogre mage
  8012 | D:10     | Killed a centaur warrior
  8012 | D:10     | Killed a deep elf pyromancer
  8021 | D:10     | Killed a green ugly thing
  8034 | D:10     | Killed an ogre mage
  8126 | D:10     | Noticed a four-headed hydra
  8126 | D:10     | Noticed a stone giant
  8126 | D:10     | Noticed a centaur warrior
  8140 | D:10     | Killed a stone giant
  8146 | D:10     | Reached skill level 14 in Axes
  8147 | D:10     | Killed a four-headed hydra
  8151 | D:10     | Killed a centaur warrior
  8228 | D:10     | Identified the +1 rapier of Festooned Honour {flame,
                  | Fragile rElec rC++ rCorr}
  8251 | D:10     | Noticed a six-headed hydra
  8251 | D:10     | Noticed an orc knight
  8251 | D:10     | Noticed a centaur warrior
  8271 | D:10     | Killed a centaur warrior
  8272 | D:10     | Reached skill level 10 in Fighting
  8278 | D:10     | Killed a six-headed hydra
  8279 | D:10     | Reached XP level 12. HP: 71/106 MP: 12/19
  8440 | D:10     | Noticed a boulder beetle
  8454 | D:10     | Reached skill level 10 in Invocations
  8463 | D:10     | Killed a boulder beetle
  8464 | D:10     | Reached skill level 15 in Axes
  8469 | D:10     | Got Sif Muna's Almanac of Telluric Calefaction
  8495 | D:10     | Noticed an ice dragon
  8506 | D:10     | Killed an ice dragon
  8516 | D:10     | HP: 5/107 [deep elf archer/arrow (15)]
  8517 | D:10     | HP: 2/107 [deep elf archer/arrow (12)]
  8520 | D:10     | Slain by a white ugly thing

Illustrated notes

Levels and vault maps discovered:
D:1:      roderic_chinese_lattice_arrival, layout_loops_corners, serial_shops,
          nicolae_square_shop, hellmonk_ecumenical_altar_run_dry
D:2:      layout_basic, st_stairs_8
D:3:      layout_loops_ring, dk_vineyard_2, dk_noncrumbling_3, uniq_natasha
D:4:      layout_loops_ring, serial_shops, shop,
          amcnicky_mini_rare_corridor_liquid, sigmund_army
D:5:      layout_rooms, minmay_temple_entry_enclosed_plants, serial_shops, shop,
          serial_curves, eino_curves_02, eino_curves_02
D:6:      layout_cave_pools, corexii_hall_statues_deadend, st_stairs_11,
          minivault_14
D:7:      layout_loops_ring, serial_bayou_pond_d, uniq_pikel
D:8:      layout_cave_pods, amcnicky_altar_gilded, minmay_manual_monolith
D:9:      layout_cave_pods, chequers_temple_overflow_statue_of_worship,
          lair_entry_dummy, orc_0_dummy, minivault_21
D:10:     layout_gridville, mainiacjoe_overflow_alcove_2, nicolae_rejected_hall
Temple:   nicolae_temple_bog_church

Skill      XL: |  1  2  3  4  5  6  7  8  9 10 11 12 |
---------------+-------------------------------------+-----
Axes           | 3 4 5 6 7 9 10 12 14 15 | 15.2
Fighting       | 4 5 6 7 8 10 | 10.4
Armour         | 4 5 6 7 8 9 |  9.7
Shields        | 4 5 6 7 8 9 |  9.6
Invocations    | 1 3 5 6 8 9 10 | 10.2

Action                     |  1- 3 |  4- 6 |  7- 9 | 10-12 || total
---------------------------+-------+-------+-------+-------++-------
  Melee: War axe           |   125 |    96 |   151 |   219 ||   591
         Unarmed           |       |    10 |       |       ||    10
  Throw: Dart              |       |    34 |       |    13 ||    47
         Javelin           |       |    11 |     5 |    33 ||    49
         Boomerang         |       |       |       |     4 ||     4
 Invoke: Convert to Beogh  |       |     1 |       |       ||     1
         Smiting           |       |       |       |    13 ||    13
    Use: Scroll            |       |     3 |    11 |     9 ||    23
         Potion            |       |       |       |     5 ||     5
 Armour: Chain mail        |    71 |       |       |       ||    71
         Scale mail        |     2 |       |       |       ||     2
         Plate armour      |    25 |    74 |   108 |   112 ||   319
         Skin              |       |     2 |       |       ||     2
  Dodge: Dodged            |    43 |    30 |    30 |    33 ||   136
  Block: Buckler           |    26 |    31 |     3 |       ||    60
         Kite shield       |       |       |   125 |   164 ||   289

Table legend: (Time is in decaauts)
 A = Elapsed time spent in this place.
 B = Non-inter-level travel time spent in this place.
 C = Inter-level travel time spent in this place.
 D = Time resting spent in this place.
 E = Time spent auto-exploring this place.
 F = Levels seen in this place.
 G = Mean time per level.
                   A        B        C        D        E       F      G
               +--------+--------+--------+--------+--------+-----+--------+
         Total |   8682 |   7835 |    847 |    313 |   5780 |  11 |  789.3 |
       Dungeon |   8492 |   7665 |    827 |    313 |   5624 |  10 |  849.2 |
        Temple |    190 |    171 |     19 |      0 |    156 |   1 |  190.0 |
               +--------+--------+--------+--------+--------+-----+--------+

Top non-repeatable levels by time:
     D:1: 1334 daAuts
     D:3: 1136 daAuts
     D:4: 1022 daAuts
     D:8: 969 daAuts
    D:10: 915 daAuts
     D:2: 742 daAuts
     D:9: 646 daAuts
     D:5: 581 daAuts
     D:7: 577 daAuts
     D:6: 567 daAuts
  Temple: 190 daAuts
